AoeStats
← Cristobal1012

Fortress

510101838Analyzed
4v4 RM · 2d ago on Sep 29, 2026· 5m 35s· 8 players
Game mode
Random Map
Map size
Huge
Population
200
Speed
Normal
Resources
Standard
Victory
Conquest
Starting age
Dark Age
Ending age
Imperial Age
RankedLock teamsTeams togetherTeam positionsShared explorationLock speedFull tech treeHidden civsTurbo modeCheats
Victory
Defeat
🇨🇱 Bohemians · Chile
964
+11
🇨🇱 Chinese · Chile
949
+12
🇨🇱 Aztecs · Chile
844
+16
🇨🇱 Poles · Chile
796
+18
🇨🇳 Byzantines · China
879
-15
🇨🇳 Huns · China
866
-15
🇹🇼 Burgundians · Taiwan
855
-14
🇨🇳 Mongols · China
819
-13
水邊小牛
2:24 Loom
3:25 Double-Bit Axe
Makima
6:14 Feudal Age
Kevin
0:47 Loom
aszsgs
1:34 Loom
CL.CKrugger
7:11 Feudal Age
7:22 Feudal Age
Cristobal1012
yethro.rd
2:18 Loom
gjdelcam
Connection lost

Rejoining the realm…

Still unreachable

The connection could not be restored.

Session expired

The server has moved on; the page needs a fresh start.